 Dungeon Crawl Stone Soup version 0.31-a0-232-gb1c03b2570 (webtiles) character file.

Game seed: 7169019759291316432

94 qw the Shooter (level 4, 0/26 HPs)
             Began as a Gargoyle Hexslinger on July 7, 2023.
             Slain by Ijyb
             ... wielding a +2 dagger of venom
              (3 damage)
             ... on level 3 of the Dungeon.
             The game lasted 00:00:42 (1502 turns).

qw the Shooter (Gargoyle Hexslinger)                Turns: 1502, Time: 00:00:43

Health: 0/26       AC:  8    Str: 11    XL:     4   Next: 63%
Magic:  5/5        EV: 10    Int: 14    God:
Gold:   60         SH:  0    Dex: 14    Spells: 4/5 levels left

rFire   . . .        Y - +1 sling
rCold   . . .        (no shield)
rNeg    + . .        f - +0 ring mail
rPois   inf          (no helmet)
rElec   +            (no cloak)
rCorr   .            (no gloves)
SInv    .            (no boots)
Will    .....        (no amulet)
Stlth   +            (no ring)
HPRegen 0.24/turn    (no ring)
MPRegen 0.09/turn

%: no passive effects
@: no status effects
A: sickness immunity, AC +3, negative energy resistance 1, electricity
resistance, torment resistance 1, petrification resistance
a: no special abilities


You were on level 3 of the Dungeon.
You visited 1 branch of the dungeon, and saw 3 of its levels.

You collected 77 gold pieces.
You spent 17 gold pieces at shops.


Innate Abilities, Weirdness & Mutations

You are immune to sickness and miasma.
Your stone body is resilient. (AC +3)
You are immune to poison.
You resist negative energy. (rN+)
You are resistant to electric shocks. (rElec)
You are resistant to unholy torment.
You are immune to petrification.


   Skills:
 - Level 2.0 Fighting
 + Level 4.1 Ranged Weapons
 - Level 1.3 Armour
 - Level 1.5 Dodging
 - Level 1.0 Spellcasting
 - Level 2.6 Hexes


You had 4 spell levels left.
You knew the following spells:

 Your Spells              Type           Power      Damage    Failure   Level
a - Slow                  Hex            32%        N/A       21%         1

Your spell library contained the following spells:

 Spells                   Type           Power      Damage    Failure   Level
 Inner Flame              Hex/Fire       4%         N/A       71%         3
 Portal Projectile        Hex/Tloc       8%         N/A       71%         3
 Cause Fear               Hex            4%         N/A       90%         4

Inventory:

Hand Weapons
 Y - a +1 sling (weapon)
Armour
 f - a +0 ring mail (worn)
Jewellery
 c - an amulet of faith
Scrolls
 a - a scroll of identify
Potions
 b - a potion of curing
 d - a potion of attraction {unknown}
 e - a potion of resistance
 g - 2 potions of enlightenment {unknown}

Dungeon Overview and Level Annotations

Branches:
Dungeon (3/15)

Altars:
Xom

Shops:
D:2 *

Annotations:
D:3 Ijyb


Message History

Ijyb hits you with a +2 dagger of venom.
You shoot a sling bullet.
The sling bullet hits Ijyb but does no damage.
Ijyb is moderately wounded.
The rat bites you. Ijyb barely misses you.
The rat bites you but does no damage.
Ijyb hits you with a +2 dagger of venom.
You shoot a sling bullet. The sling bullet barely misses Ijyb.
The rat bites you but does no damage.
Ijyb screams, "You nasty!
Big nasty!"
Ijyb hits you with a +2 dagger of venom.
You shoot a sling bullet.
The sling bullet hits Ijyb but does no damage.
Ijyb is moderately wounded.
The rat bites you but does no damage. Ijyb barely misses you.
You shoot a sling bullet. The sling bullet hits Ijyb.
Ijyb is heavily wounded.
The rat closely misses you. Ijyb hits you but does no damage.
The rat misses you. Ijyb barely misses you.
You shoot a sling bullet. The sling bullet closely misses Ijyb.
The rat bites you but does no damage.
Ijyb hits you with a +2 dagger of venom.
You shoot a sling bullet. The sling bullet closely misses Ijyb.
The rat bites you. Ijyb completely misses you.
Ijyb hits you but does no damage. The rat bites you but does no damage.
You shoot a sling bullet. The sling bullet hits Ijyb.
Ijyb is heavily wounded.
The rat bites you but does no damage. Ijyb barely misses you.
You shoot a sling bullet. The sling bullet hits Ijyb.
Ijyb is severely wounded.
The rat closely misses you. Ijyb hits you but does no damage.
You shoot a sling bullet. The sling bullet closely misses Ijyb.
The rat bites you but does no damage. Ijyb hits you but does no damage.
The rat closely misses you.
Ijyb hits you with a +2 dagger of venom.
You shoot a sling bullet.
The sling bullet hits Ijyb but does no damage.
Ijyb is severely wounded.
The rat closely misses you.
Ijyb hits you with a +2 dagger of venom.
You die...

#.#....#####.###..
##.....>#####......
#..................
#.............###..
#.......####.## #..
#.......# #.# #..
##......# #.# #..
######....#### #.# #..
#.....g@...######.####..
......r.................
##.........######.######
....%.......#####.#.....
##.....:.<..............
#.........######.#.....
########### #.#.....
###.##..## #......##


You could see Ijyb and a rat.

Vanquished Creatures
  Natasha (D:2)
  3 adders (D:2)
  A dart slug (D:1)
  An endoplasm (D:1)
  A giant cockroach (D:1)
  6 goblins
  2 hobgoblins
  4 jackals (D:1)
  3 quokkas (D:1)
  2 ball pythons
  3 bats
  5 frilled lizards
  5 kobolds
  8 rats
45 creatures vanquished.

Notes
Turn   | Place    | Note
-------+----------+-------------------------------------------
     0 | D:1      | qw the Gargoyle Hexslinger began the quest for the Orb.
     0 | D:1      | Reached XP level 1. HP: 12/12 MP: 2/2
     0 | D:1      | 0 ||| qw: Version: 0.3-a-46-gb1f654a
     0 | D:1      | 0 ||| qw: Game counter: 2686
     0 | D:1      | 0 ||| qw: Melee chars always use a shield: true
     0 | D:1      | 0 ||| qw: God list: Okawaru
     0 | D:1      | 0 ||| qw: Allow faded altars: false
     0 | D:1      | 0 ||| qw: Do Orc after clearing Dungeon:15 true
     0 | D:1      | 0 ||| qw: Do second Lair branch before Depths: true
     0 | D:1      | 0 ||| qw: Lair rune preference: random
     0 | D:1      | 0 ||| qw: Goals: Normal
     0 | D:1      | 0 ||| PLANNING D:1-11
   130 | D:1      | Reached XP level 2. HP: 16/16 MP: 3/3
   253 | D:1      | Reached skill level 3 in Ranged Weapons
   434 | D:1      | Reached XP level 3. HP: 21/21 MP: 4/4
   614 | D:1      | 614 ||| UPGRADING to +0 ring mail.
   624 | D:1      | 624 ||| DROPPING +0 robe.
   625 | D:1      | 625 ||| READING 2 scrolls labelled FUIROE LARGHA.
   626 | D:1      | 626 ||| DRINKING 2 metallic cyan potions.
   627 | D:1      | 627 ||| DROPPING scroll of poison.
   668 | D:2      | Found a shimmering altar of Xom.
   880 | D:2      | Noticed Natasha
   888 | D:2      | Killed Natasha
   889 | D:2      | Reached XP level 4. HP: 15/26 MP: 5/5
  1069 | D:2      | Reached skill level 4 in Ranged Weapons
  1101 | D:2      | Reached skill level 1 in Armour
  1238 | D:2      | Found Luman's Assorted Antiques.
  1245 | D:2      | 1245 ||| BUYING pink potion (17 gold).
  1245 | D:2      | Bought a pink potion for 17 gold pieces
  1245 | D:2      | 1245 ||| SHOPLISTING potion of resistance (190 gold, have
                  | 45).
  1399 | D:2      | 1399 ||| READING scroll labelled SOFETZ IHIKKUI.
  1400 | D:2      | 1400 ||| DRINKING 2 pink potions.
  1478 | D:3      | Noticed Ijyb
  1494 | D:3      | HP: 5/26 [Ijyb/+2 dagger of venom (3)]
  1501 | D:3      | HP: 2/26 [Ijyb/+2 dagger of venom (3)]
  1502 | D:3      | Slain by Ijyb

Levels and vault maps discovered:
D:1:      tarquinn_simple_flora_water_f, layout_basic
D:2:      layout_loops_ring, serial_shops, nicolae_shop_getting_attention,
          basic_altar, uniq_natasha
D:3:      layout_rooms, gammafunk_temple_overflow_statue,
          biasface_ghost_orc_armoury, minmay_splitting_lines, uniq_ijyb,
          uniq_crazy_yiuf_cottage, uniq_jessica

Skill      XL: |  1  2  3  4 |
---------------+-------------+-----
Ranged Weapons | 3 4 |  4.1
Fighting       | 2 |  2.0
Armour         | 1 |  1.3
Dodging        | |  1.5
Spellcasting   | |  1.0
Hexes          | |  2.6

Action                     |  1- 3 |  4- 6 || total
---------------------------+-------+-------++-------
   Fire: Sling             |   123 |    70 ||   193
    Use: Scroll            |     1 |     1 ||     2
         Potion            |     1 |     1 ||     2
 Armour: Robe              |    14 |       ||    14
         Ring mail         |     5 |    29 ||    34
  Dodge: Dodged            |    52 |    28 ||    80

Table legend:
 A = Non-vault XP
 B = Vault XP
 C = Vault XP percentage of total XP
 D = Non-vault monster count
 E = Vault monster count
 F = Vault count percentage of total count
                 A         B        C        D         E       F
            +---------+---------+-------+---------+---------+-------
      Total |     100 |      35 |  25.9 |      44 |       1 |   2.2
            +---------+---------+-------+---------+---------+-------
        D:1 |      42 |       0 |   0.0 |      25 |       0 |   0.0
        D:2 |      57 |      35 |  38.0 |      18 |       1 |   5.3
        D:3 |       1 |       0 |   0.0 |       1 |       0 |   0.0
            +---------+---------+-------+---------+---------+-------
